 Dungeon Crawl Stone Soup version 0.30-a0-1116-gebefce21f7 (webtiles) character file.

Game seed: 1803294316037008085

214 jasper the Conjurer (level 5, -4/38 HPs)
             Began as a Demigod Conjurer on Apr 21, 2023.
             Slain by an iguana (7 damage)
             ... on level 4 of the Dungeon.
             The game lasted 00:05:00 (3186 turns).

jasper the Conjurer (Demigod Conjurer)              Turns: 3186, Time: 00:05:01

Health: -4/38      AC:  3    Str:  8    XL:     5   Next: 33%
Magic:  11/12      EV: 12    Int: 24    God:
Gold:   107        SH:  0    Dex: 12    Spells: 0/10 levels left

rFire   . . .      SeeInvis .    f - +3 hand axe (spect)
rCold   . . .      Faith    .    (no shield)
rNeg    . . .      Spirit   .    a - +1 robe
rPois   .          Reflect  .    (no helmet)
rElec   .          Rampage  .    (no cloak)
rCorr   .                        (no gloves)
Will    .....                    (no boots)
Stlth   ++                       (no amulet)
HPRegen 0.26/turn                (no ring)
MPRegen 0.13/turn                (no ring)

@: no status effects
A: high MP 1, forlorn, divine attributes
a: no special abilities


You were on level 4 of the Dungeon.
You visited 1 branch of the dungeon, and saw 4 of its levels.

You collected 107 gold pieces.

Inventory:

Hand Weapons
 c - a +0 short sword
 e - a +0 trident
 f - a +3 spectral hand axe (weapon)
 h - a +1 dagger of speed
Missiles
 j - 4 atropa-tipped darts
 n - 4 poisoned darts
Armour
 a - a +1 robe (worn)
Wands
 p - a wand of light (3)
Scrolls
 g - a scroll of teleportation
 l - a scroll of enchant weapon {unknown}
Potions
 b - a potion of magic
 d - 2 potions of curing {unknown}
 i - a potion of brilliance {unknown}
 k - a potion of haste {unknown}
 m - a potion of lignification {unknown}
 o - a potion of degeneration {unknown}
 q - a potion of berserk rage {unknown}


   Skills:
 - Level 1.7 Dodging
 - Level 1.7 Stealth
 - Level 3.2 Spellcasting
 + Level 4.3 Conjurations
 + Level 0.2 Hexes
 - Level 2.0 Air Magic
 - Level 2.0 Poison Magic


You couldn't memorise any spells.
You knew the following spells:

 Your Spells              Type           Power      Damage    Failure   Level
a - Magic Dart            Conj           96%        1d7       1%          1
b - Searing Ray           Conj           48%        2d6       2%          2
c - Mephitic Cloud        Conj/Pois/Air  17%        N/A       10%         3
d - Fulminant Prism       Conj/Hex       7%         3d7       38%         4

Your spell library contained the following spells:

 Spells                   Type           Power      Damage    Failure   Level
 Dazzling Flash           Conj/Hex       28%        N/A       12%         3
 Call Imp                 Summ           6%         N/A       16%         2
 Iskenderun's Mystic Bla  Conj/Tloc      14%        2d5       41%         4


Dungeon Overview and Level Annotations

Branches:
Dungeon (4/15)
 Temple: D:4-7


Innate Abilities, Weirdness & Mutations

You have an increased reservoir of magic. (+10% MP)
You shall have no god before yourself.
Your divine heritage dramatically boosts your attributes as you level up.


Message History

The iguana is lightly wounded.
You now have 11/12 mp.
Aiming: Magic Dart (safe; 1% risk of failure)
Press: ? - help, Q - select action, (/) - cycle Shift-Dir - straight line, f/p - iguana
Aim: an iguana (lightly wounded, 100% to hit)
The magic dart hits the iguana.
The iguana is moderately wounded.
You now have 10/12 mp.
Found a scroll labelled URUITWASYC.
The iguana bites you!
You take 10 damage, and have 28/38 hp.
MASSIVE DAMAGE!!
You hit the iguana.
The iguana is moderately wounded.
Your +3 spectral hand axe hits the iguana but does no damage.
The iguana bites you!
You take 13 damage, and have 15/38 hp.
MASSIVE DAMAGE!!
You hit the iguana.
The iguana is heavily wounded.
Your +3 spectral hand axe barely misses the iguana.
The iguana bites you.
* * * LOW HITPOINT WARNING * * *
You take 5 damage, and have 10/38 hp.
You closely miss the iguana.
The iguana is heavily wounded.
Your +3 spectral hand axe hits the iguana.
The iguana bites your +3 spectral hand axe.
Your spectral weapon shares its damage with you!
* * * LOW HITPOINT WARNING * * *
You take 1 damage, and have 9/38 hp.
You hit the iguana but do no damage.
The iguana is heavily wounded.
Your +3 spectral hand axe hits the iguana.
The iguana bites you!
* * * LOW HITPOINT WARNING * * *
The iguana hisses menacingly.
The iguana closely misses you.
You take 7 damage, and have 2/38 hp.
Okay, then.
Your +3 spectral hand axe disappears.
The iguana bites you!
You die...

#.# # #.# #? ###.# #.#
#...# #### ##..###
#.####....
.......######.# .....
#..........##.# ......
........##.##.##......
.......@.#.##.#.......
..[..>..l#............
..^......#...#........
...............#......
.........########.....
........## #....
......... ####
......... .........


You could see an iguana.

Vanquished Creatures
  A centaur (D:3)
  Terence (D:3)
  4 gnolls (D:3)
  3 worms
  2 dart slugs
  An orc (D:3)
  3 ball pythons
  8 bats
  6 endoplasms
  2 giant cockroaches
  5 hobgoblins
  4 jackals (D:3)
  2 quokkas (D:1)
  3 frilled lizards
  2 goblins
  7 kobolds
  3 rats
57 creatures vanquished.

Notes
Turn   | Place    | Note
-------+----------+-------------------------------------------
     0 | D:1      | jasper the Demigod Conjurer began the quest for the Orb.
     0 | D:1      | Reached XP level 1. HP: 14/14 MP: 5/5
   292 | D:1      | Reached XP level 2. HP: 20/20 MP: 5/8
   295 | D:1      | Learned a level 2 spell: Searing Ray
  1330 | D:2      | Reached XP level 3. HP: 26/26 MP: 7/10
  1789 | D:3      | Learned a level 3 spell: Mephitic Cloud
  1893 | D:3      | Reached skill level 1 in Air Magic
  1893 | D:3      | Reached skill level 1 in Poison Magic
  1893 | D:3      | Reached XP level 4. HP: 33/33 MP: 4/11
  2068 | D:3      | Noticed Terence
  2080 | D:3      | Killed Terence
  2081 | D:3      | Reached skill level 4 in Conjurations
  2411 | D:3      | Noticed a centaur
  2524 | D:3      | Killed a centaur
  2525 | D:3      | Reached XP level 5. HP: 5/38 MP: 3/12
  2622 | D:3      | Learned a level 4 spell: Fulminant Prism
  3186 | D:4      | Slain by an iguana

Illustrated notes

Levels and vault maps discovered:
D:1:      lightli_arrival_farm, layout_basic
D:2:      layout_rooms, minmay_pentomino_q4
D:3:      layout_basic, mainiacjoe_overflow_alcove_4,
          shapermc_ecumenical_altar_petra, minivault_26,
          minmay_fractal_squares_gapless_5, uniq_terence
D:4:      layout_rooms, mainiacjoe_overflow_small_starburst,
          gammafunk_temple_overflow_elements, uniq_duvessa

Skill      XL: |  1  2  3  4 |
---------------+-------------+-----
Spellcasting   | 2 3 |  3.2
Air Magic      | 1 2 |  2.0
Poison Magic   | 1 2 |  2.0
Conjurations   | 4 |  4.3
Dodging        | |  1.7
Stealth        | |  1.7
Hexes          | |  0.2

Action                     |  1- 3 |  4- 6 || total
---------------------------+-------+-------++-------
  Melee: Short sword       |     8 |       ||     8
         Trident           |       |     1 ||     1
         Hand axe          |       |     4 ||     4
   Cast: Magic Dart        |    80 |    35 ||   115
         Searing Ray       |     4 |     6 ||    10
    Use: Scroll            |     5 |     2 ||     7
 Armour: Robe              |     2 |    10 ||    12
  Dodge: Dodged            |    11 |    33 ||    44

Table legend: (Time is in decaauts)
 A = Elapsed time spent in this place.
 B = Non-inter-level travel time spent in this place.
 C = Inter-level travel time spent in this place.
 D = Time resting spent in this place.
 E = Time spent auto-exploring this place.
 F = Levels seen in this place.
 G = Mean time per level.
                   A        B        C        D        E       F      G
               +--------+--------+--------+--------+--------+-----+--------+
         Total |   3210 |   3126 |     84 |    253 |   2535 |   4 |  802.5 |
       Dungeon |   3210 |   3126 |     84 |    253 |   2535 |   4 |  802.5 |
               +--------+--------+--------+--------+--------+-----+--------+

Top non-repeatable levels by time:
     D:3: 1348 daAuts
     D:1: 1023 daAuts
     D:2: 716 daAuts
     D:4: 121 daAuts
